 Dungeon Crawl Stone Soup version 0.31-a0-833-gc15d34cb79 (webtiles) character file.

Game seed: 13779571593894952012

502 Maratek the Chopper (level 7, -1/60 HPs)
             Began as a Hill Orc Fighter on Sept 25, 2023.
             Succumbed to a water moccasin's poison
             ... on level 5 of the Dungeon.
             The game lasted 00:05:09 (2792 turns).

Maratek the Chopper (Hill Orc Fighter)              Turns: 2792, Time: 00:05:10

Health: -1/60      AC:  7    Str: 21    XL:     7   Next: 17%
Magic:  7/7        EV:  8    Int:  8    God:
Gold:   155        SH:  8    Dex: 10    Spells: 6/6 levels left

rFire   . . .        a - +0 war axe
rCold   . . .        g - +0 kite shield
rNeg    . . .        b - +0 scale mail
rPois   .            (no helmet)
rElec   .            (no cloak)
rCorr   .            (no gloves)
SInv    +            (no boots)
Will    .....        (no amulet) Stlth
                     e - ring of see invisible
HPRegen 0.30/turn    (no ring)
MPRegen 0.10/turn

%: no passive effects
@: lethally poisoned (-1 -> -3)
A: no striking features
a: no special abilities


You were on level 5 of the Dungeon.
You visited 1 branch of the dungeon, and saw 5 of its levels.

You collected 155 gold pieces.

Inventory:

Hand Weapons
 a - a +0 war axe (weapon)
Armour
 b - a +0 scale mail (worn)
 g - a +0 kite shield (worn)
Jewellery
 e - a ring of see invisible (left hand)
Scrolls
 i - a scroll of blinking
 j - 2 scrolls of amnesia
Potions
 c - a potion of lignification {unknown}
 d - a potion of might
 h - a potion of enlightenment {unknown}
 l - a potion of degeneration {unknown}
 o - 2 potions of heal wounds {unknown}


   Skills:
 + Level 4.9 Fighting
 + Level 6.8 Axes
 + Level 4.6 Armour
 + Level 1.2 Dodging
 + Level 4.7 Shields


You had 6 spell levels left.
You didn't know any spells.
Your spell library contained the following spells:

 Spells                   Type           Power      Damage    Failure   Level
 Necrotise                Necr           0%         1d4       95%         1
 Slow                     Hex            0%         N/A       95%         1
 Static Discharge         Conj/Air       0%         2-2/arc   98%         2
 Confusing Touch          Hex            0%         N/A       100%        3
 Sigil of Binding         Hex            0%         N/A       100%        3
 Vampiric Draining        Necr           0%         2d6       100%        3
 Airstrike                Air            0%         2d(0-16)  100%        4
 Summon Lightning Spire   Summ/Air       0%         N/A       100%        4
 Agony                    Necr           0%         N/A       100%        5


Dungeon Overview and Level Annotations

Branches:
Dungeon (5/15)
 Temple: D:4-7

Altars:
The Shining One

Shops:
D:4 [(


Message History

The water moccasin bites you! You block the water moccasin's attack.
You are too injured to fight recklessly!
You are too injured to fight recklessly!
You are too injured to fight recklessly!
You are too injured to fight recklessly!
You miss the water moccasin.
You feel sick. The water moccasin bites you.
You are lethally poisoned!
The water moccasin poisons you! The water moccasin closely misses you.
You barely miss the water moccasin.
* * * LOW HITPOINT WARNING * * *
You feel very sick. The water moccasin barely misses you.
The water moccasin bites you.
* * * LOW HITPOINT WARNING * * *
You closely miss the water moccasin.
* * * LOW HITPOINT WARNING * * *
You feel very sick.
The water moccasin bites you but does no damage.
You closely miss the water moccasin.
* * * LOW HITPOINT WARNING * * *
You feel very sick. You block the water moccasin's attack.
The water moccasin bites you but does no damage.
You miss the water moccasin.
* * * LOW HITPOINT WARNING * * *
You feel very sick. You block the water moccasin's attack.
The water moccasin barely misses you.
You closely miss the water moccasin.
* * * LOW HITPOINT WARNING * * *
You feel sick.
The water moccasin bites you but does no damage.
The water moccasin barely misses you.
You completely miss the water moccasin.
* * * LOW HITPOINT WARNING * * *
You feel sick. You block the water moccasin's attack.
The water moccasin bites you but does no damage.
You barely miss the water moccasin.
* * * LOW HITPOINT WARNING * * *
You feel sick. You block the water moccasin's attack.
You closely miss the water moccasin.
You die...

. ## #. ###
.. .###.. !#
..(.# .##
#..# ..
#..### .#
#....##.#
##.#..@S#
#.####...<...
#.# .###.##
#.# ## ###


You could see a water moccasin.

Vanquished Creatures
  Sigmund (D:3)
  An ogre (D:4)
  A jelly (D:4)
  Terence (D:2)
  An orc wizard (D:2)
  A scorpion zombie (D:2)
  Robin (D:2)
  3 adders
  An adder skeleton (D:2)
  3 dart slugs
  10 orcs
  4 bats
  5 endoplasms
  2 giant cockroaches
  15 goblins
  10 hobgoblins
  2 jackals (D:1)
  9 kobolds
  A quokka (D:1)
  11 ball pythons
  9 frilled lizards
  14 rats
106 creatures vanquished.

Notes
Turn   | Place    | Note
-------+----------+-------------------------------------------
     0 | D:1      | Maratek the Hill Orc Fighter began the quest for the Orb.
     0 | D:1      | Reached XP level 1. HP: 19/19 MP: 1/1
    55 | D:1      | Reached XP level 2. HP: 27/27 MP: 2/2
   320 | D:1      | Reached skill level 3 in Axes
   500 | D:1      | Reached XP level 3. HP: 29/33 MP: 3/3
   885 | D:2      | Noticed Robin
   952 | D:2      | Reached skill level 4 in Axes
   952 | D:2      | Reached XP level 4. HP: 17/40 MP: 4/4
  1077 | D:2      | Killed Robin
  1207 | D:2      | Reached skill level 5 in Axes
  1207 | D:2      | Reached XP level 5. HP: 39/46 MP: 5/5
  1401 | D:2      | Noticed Terence
  1407 | D:2      | Killed Terence
  1835 | D:3      | Found a faded altar of an unknown god.
  1869 | D:3      | Noticed Sigmund
  1878 | D:3      | Killed Sigmund
  1879 | D:3      | Reached skill level 6 in Axes
  1879 | D:3      | Reached skill level 1 in Dodging
  1879 | D:3      | Reached XP level 6. HP: 36/53 MP: 6/6
  2566 | D:4      | Found a glowing golden altar of the Shining One.
  2589 | D:4      | Found Acroz's Armour Shop.
  2600 | D:4      | Reached XP level 7. HP: 47/60 MP: 7/7
  2728 | D:4      | Found Esuminedgh's Antique Weapon Emporium.
  2765 | D:4      | Noticed a yak
  2765 | D:4      | Noticed a yak
  2771 | D:5      | Entered Level 5 of the Dungeon
  2789 | D:5      | HP: 2/60 [poisoned by a water moccasin]
  2792 | D:5      | Succumbed to a water moccasin's poison

Illustrated notes

Levels and vault maps discovered:
D:1:      beargit_arrival_greenhouse, layout_basic, minmay_rat_gold_closets
D:2:      layout_rooms, serial_undead, serial_undead_d, serial_undead_a,
          serial_undead_e, serial_undead_d, uniq_robin, uniq_terence
D:3:      layout_loops_corners, basic_ecumenical_altar, st_stairs_7,
          uniq_sigmund
D:4:      layout_cave_pools, mainiacjoe_overflow_chevrons,
          mainiacjoe_overflow_concentric_impassable, serial_shops,
          kennysheep_little_box, nicolae_shop_back_alley_shop,
          nicolae_shop_crystal, shop, nicolae_shop_rolling_square
D:5:      layout_basic, mainiacjoe_overflow_cross_hatched,
          gammafunk_temple_overflow_forgotten, gammafunk_ghost_nasty_kobolds,
          chequers_serial_rivers_micro_d

Skill      XL: |  1  2  3  4  5 |
---------------+----------------+-----
Axes           | 3 4 5 6 |  6.8
Fighting       | 4 |  4.9
Armour         | 4 |  4.6
Shields        | 4 |  4.7
Dodging        | 1 |  1.2

Action                     |  1- 3 |  4- 6 |  7- 9 || total
---------------------------+-------+-------+-------++-------
  Melee: War axe           |   113 |   161 |    21 ||   295
    Use: Scroll            |       |     6 |     1 ||     7
 Armour: Scale mail        |    64 |    88 |    14 ||   166
  Dodge: Dodged            |    48 |    65 |     7 ||   120
  Block: Buckler           |    19 |       |       ||    19
         Kite shield       |    22 |    78 |     9 ||   109

Table legend: (Time is in decaauts)
 A = Elapsed time spent in this place.
 B = Non-inter-level travel time spent in this place.
 C = Inter-level travel time spent in this place.
 D = Time resting spent in this place.
 E = Time spent auto-exploring this place.
 F = Levels seen in this place.
 G = Mean time per level.
                   A        B        C        D        E       F      G
               +--------+--------+--------+--------+--------+-----+--------+
         Total |   2902 |   2796 |    106 |     68 |   2002 |   5 |  580.4 |
       Dungeon |   2902 |   2796 |    106 |     68 |   2002 |   5 |  580.4 |
               +--------+--------+--------+--------+--------+-----+--------+

Top non-repeatable levels by time:
     D:1: 956 daAuts
     D:3: 910 daAuts
     D:2: 739 daAuts
     D:4: 270 daAuts
     D:5: 24 daAuts
